 Dungeon Crawl Stone Soup version 0.24-a0-447-ge8da9206dc (webtiles) character file.

Game seed: 5142038103069585180

65 pk666 the Magician (level 3, 0/19 HPs)
             Began as a Deep Elf Wizard on June 25, 2019.
             Killed from afar by a white imp (10 damage)
             ... with a puff of frost
             ... summoned by Natasha
             ... on level 2 of the Dungeon.
             The game lasted 00:02:26 (1297 turns).

pk666 the Magician (Deep Elf Wizard)                Turns: 1297, Time: 00:02:27

Health: 0/19       AC:  2    Str:  4    XL:     3   Next: 94%
Magic:  5/11       EV: 13    Int: 23    God:
Gold:   60         SH:  0    Dex: 13    Spells: 3/12 levels left

rFire    . . .     SeeInvis .   c - +0 dagger
rCold    . . .     Gourm    .   (no shield)
rNeg     . . .     Faith    .   a - +0 robe
rPois    .         Spirit   .   b - +0 hat
rElec    .         Reflect  .   (no cloak)
rCorr    .         Harm     .   (no gloves)
MR       .....                  (no boots)
Stlth    ++........             (no amulet)
HPRegen  0.06/turn              (no ring)
MPRegen  0.12/turn              (no ring)

@: no status effects
A: no striking features
a: no special abilities


You were on level 2 of the Dungeon.
You were not hungry.

You visited 1 branch of the dungeon, and saw 2 of its levels.

You collected 60 gold pieces.

Inventory:

Hand Weapons
 c - a +0 dagger (weapon)
Armour
 a - a +0 robe (worn)
 b - a +0 hat (worn)
Scrolls
 e - 2 scrolls of teleportation {unknown}
 f - a scroll of fog {unknown}
 g - 4 scrolls of identify {unknown}
 j - 3 scrolls of remove curse {unknown}
Potions
 h - 2 potions of mutation {unknown}
 i - a potion of cancellation {unknown}
 k - a potion of curing {unknown}
Comestibles
 d - a ration


   Skills:
 - Level 3.3 Dodging
 - Level 2.4 Stealth
 + Level 5.1 Spellcasting
 + Level 2.3 Conjurations
   Level 1.1 Summonings
 + Level 1.3 Translocations
 + Level 0.4 Fire Magic
 + Level 0.3 Air Magic
 + Level 0.6 Poison Magic


You had 3 spell levels left.
You knew the following spells:

 Your Spells              Type           Power        Failure   Level  Hunger
a - Magic Dart            Conj           ###.         3%          1    None
b - Blink                 Tloc           N/A          9%          2    None
c - Conjure Flame         Conj/Fire      ##......     16%         3    ##.....
d - Mephitic Cloud        Conj/Pois/Air  ##......     19%         3    ##.....

Your spell library contained the following spells:

 Spells                   Type           Power        Failure   Level  Hunger
 Call Imp                 Summ           ##......     9%          2    None
 Slow                     Hex            #.......     14%         2    None


Dungeon Overview and Level Annotations

Branches:
Dungeon (2/15)

Altars:

Annotations:
D:2 Natasha


Message History

You feel yourself speed up. The bat closely misses you.
Casting: Magic Dart (safe; 3% risk of failure)
Confirm with . or Enter, or press ? or * to list all spells.
Aiming: Magic Dart (safe; 3% risk of failure)
Press: ? - help, Shift-Dir - straight line, f/p - bat
Aim: a bat (moderately wounded)
The magic dart hits the bat.
You kill the bat!
Casting: Magic Dart (safe; 3% risk of failure)
Confirm with . or Enter, or press ? or * to list all spells.
Aiming: Magic Dart (safe; 3% risk of failure)
Press: ? - help, Shift-Dir - straight line, f - white imp
Aim: a white imp (summoned)
The magic dart hits the white imp.
The white imp is lightly wounded.
The white imp gestures at you. The puff of frost hits you!
Ouch! That really hurt!
You die...

#.###.....#.# .#..#####.#.#.
♣♣###.###.##..#.# #..#..# #...#.
♣P....#.......#.###.#..####...##
♣♣P....#.#.##....##.....#.#..#..#
.PP....#.#.##..#....8.8††...###..
♣.P....#.#.....#.##.....#.#..#..#
♣♣♣##..#.##.#..#.###.#..####...##
#..........#.#.#..#..# #...#.
######.#.#..#..#@##.#..#####.#.#.
.........#.<...#.#.#.#..##.#.#.#.
####.##.###....#5###....##...#...
#.#.........#g###...####..#..#
#.#.........#{##...#.#.#....##
#.###.##.##.#5##....###.##..##
#.# #.## ...#.#....#.#.#.#...#
##.###..####.#.#...####.##.##.#
...............#..#.# #.###)#..


You could see 2 white imps and a goblin.

Vanquished Creatures
  Natasha (D:2)
  An adder (D:2)
  An ooze (D:2)
  A dart slug (D:2)
  A leopard gecko (D:2)
  A ball python (D:1)
  3 bats
  2 giant cockroaches
  2 hobgoblins
  A jackal (D:1)
  2 frilled lizards (D:1)
  2 goblins
  6 kobolds
  3 rats (D:2)
27 creatures vanquished.

Notes
Turn   | Place    | Note
-------+----------+-------------------------------------------
     0 | D:1      | pk666 the Deep Elf Wizard began the quest for the Orb.
     0 | D:1      | Reached XP level 1. HP: 10/10 MP: 7/7
   305 | D:1      | Reached XP level 2. HP: 13/15 MP: 6/9
  1112 | D:2      | Reached skill level 5 in Spellcasting
  1112 | D:2      | Reached XP level 3. HP: 19/19 MP: 6/11
  1138 | D:2      | Learned a level 2 spell: Blink
  1142 | D:2      | Learned a level 3 spell: Conjure Flame
  1146 | D:2      | Learned a level 3 spell: Mephitic Cloud
  1258 | D:2      | Noticed Natasha
  1263 | D:2      | Killed Natasha
  1277 | D:2      | Noticed Natasha
  1297 | D:2      | Killed from afar by a white imp

Levels and vault maps discovered:
D:1:      nzn_arrival_crosshair, layout_basic, serial_bayou_pond_e,
          minmay_pentomino_x4
D:2:      wad_crossroads, layout_basic, uniq_robin, uniq_natasha,
          uniq_crazy_yiuf_cottage

Skill      XL: |  1  2 |
---------------+-------+-----
Dodging        | 3 |  3.3
Conjurations   | 2 |  2.3
Spellcasting   | 5 |  5.1
Stealth        | |  2.4
Summonings     | |  1.1
Translocations | |  1.3
Fire Magic     | |  0.4
Air Magic      | |  0.3
Poison Magic   | |  0.6

Action                   || total
-------------------------++-------
 Cast: Magic Dart        ||    70
  Eat: Chunk             ||     1
Armor: Robe              ||     6
Dodge: Dodged            ||    25

Table legend:
 A = Non-vault XP
 B = Vault XP
 C = Vault XP percentage of total XP
 D = Non-vault monster count
 E = Vault monster count
 F = Vault count percentage of total count
                 A         B        C        D         E       F
            +---------+---------+-------+---------+---------+-------
      Total |      52 |      42 |  44.7 |      21 |       6 |  22.2
            +---------+---------+-------+---------+---------+-------
        D:1 |      16 |       3 |  15.8 |      10 |       2 |  16.7
        D:2 |      36 |      39 |  52.0 |      11 |       4 |  26.7
            +---------+---------+-------+---------+---------+-------
